 Dungeon Crawl Stone Soup version 0.21-a0-94-gdd6ab6a (webtiles) character file.

57 sagitran the Gusty (level 4, 0/24 HPs)
             Began as a Tengu Air Elementalist on July 3, 2017.
             Slain by Robin
             ... wielding a +0 mace
              (5 damage)
             ... on level 3 of the Dungeon.
             The game lasted 00:11:13 (2149 turns).

sagitran the Gusty (Tengu Air Elementalist)         Turns: 2149, Time: 00:11:15

Health: 0/24       AC:  2    Str:  8    XL:     4   Next: 0%
Magic:  6/8        EV: 12    Int: 17    God:
Gold:   62         SH:  3    Dex: 14    Spells: 2/8 levels left

rFire    . . .     SeeInvis .   h - +2 whip (venom)
rCold    . . .     Gourm    .   k - +0 buckler
rNeg     . . .     Faith    .   a - +0 robe
rPois    .         Spirit   .   (helmet restricted)
rElec    .         Reflect  .   (no cloak)
rCorr    +         Harm     .   (no gloves)
MR       .....                  (boots unavailable)
Stlth    +++.......             (no amulet)
HPRegen  0.08/turn              j - ring of resist corrosion
MPRegen  0.11/turn              n - ring of stealth

@: lethally poisoned (0 -> -9), swift, about to teleport, quick
A: beak, talons 3
a: no special abilities


You were on level 3 of the Dungeon.
You were not hungry.

You visited 1 branch of the dungeon, and saw 4 of its levels.

You collected 62 gold pieces.

Inventory:

Hand Weapons
 h - a +2 whip of venom (weapon)
Missiles
 q - 8 curare-tipped needles
Armour
 a - a +0 robe (worn)
 k - a +0 buckler (worn)
Jewellery
 j - a ring of resist corrosion (left hand)
 n - a ring of stealth (right hand)
Scrolls
 f - 3 scrolls of identify {unknown}
 i - 2 scrolls of enchant weapon {unknown}
 m - 2 scrolls of blinking {unknown}
 s - a scroll of fog {unknown}
Potions
 c - a potion of cancellation {unknown}
 d - a potion of lignification {unknown}
 e - a potion of flight {unknown}
 g - 2 potions of heal wounds {unknown}
 o - 2 potions of curing {unknown}
 r - a potion of invisibility {unknown}
Books
 b - a book of Air

   Spells                             Type                      Level
   a - Shock                          Conjuration/Air              1
   b - Swiftness                      Charms/Air                   2
   c - Static Discharge               Conjuration/Air              3
   d - Airstrike                      Air                          4
   e - Lightning Bolt                 Conjuration/Air              5
Comestibles
 p - 2 meat rations


   Skills:
 + Level 0.2 Fighting
 + Level 0.2 Maces & Flails
 + Level 2.5 Dodging
 + Level 2.6 Stealth
 + Level 0.2 Shields
 + Level 2.6 Spellcasting
 + Level 1.7 Conjurations
 + Level 4.7 Air Magic


You had 2 spell levels left.
You knew the following spells:

 Your Spells              Type           Power        Failure   Level  Hunger
a - Shock                 Conj/Air       ##..         8%          1    #......
b - Swiftness             Chrm/Air       ##......     17%         2    ##.....
c - Static Discharge      Conj/Air       ##......     24%         3    ###....


Dungeon Overview and Level Annotations

Branches:
Dungeon (4/15)
 Temple: D:4-7

Altars:

Annotations:
D:3 Robin


Innate Abilities, Weirdness & Mutations

You have a beak for a mouth.
You have claws for feet.


Message History

The adder poisons you!
You miss the adder.
You feel sick. The adder bites you.
You are lethally poisoned!
The adder poisons you! The goblin hits you.
You closely miss the adder.
You feel sick. The adder barely misses you.
The adder bites you but does no damage.
Okay, then.
As you read the scroll of teleportation, it crumbles to dust.
You feel strangely unstable.
* * * LOW HITPOINT WARNING * * *
You feel sick. The goblin barely misses you.
The adder bites you but does no damage. Robin throws the goblin at you!
* * * LOW HITPOINT WARNING * * *
Casting: Shock
Confirm with . or Enter, or press ? or * to list all spells.
You feel quick.
* * * LOW HITPOINT WARNING * * *
You feel sick. The adder bites you but does no damage. The goblin misses you.
Robin hits you with a mace.
You die...

#..##....#### #.....####
. ###....## #.# #.
#.......## .. ##.
##.#..##..###.# #.. #.
##. ##.....# .. ...##.#
#..#### .##### .....
#..### ##......
#..##g@gg####...#
#.##..>#S##.g.....####..
........................#
##..#..........g..#######
#.......#######....##
..###.#.. #.#...## ..
#.##.# #.##........ . #.
.. ##)##...##### .. #.#
#..#....#


You could see Robin, an adder, a hobgoblin and 3 goblins.

Vanquished Creatures
  An adder (D:2)
  An ooze (D:1)
  A worm (D:2)
  3 dart slugs
  A leopard gecko (D:1)
  A giant cockroach (D:1)
  5 goblins
  2 hobgoblins (D:1)
  A ball python (D:2)
  6 bats
  5 frilled lizards
  6 kobolds
  6 rats
39 creatures vanquished.

Notes
Turn   | Place    | Note
-------+----------+-------------------------------------------
     0 | D:1      | sagitran the Tengu Air Elementalist began the quest for the Orb.
     0 | D:1      | Reached XP level 1. HP: 10/10 MP: 4/4
   479 | D:1      | Reached XP level 2. HP: 11/15 MP: 6/6
   485 | D:1      | Learned a level 2 spell: Swiftness
  1091 | D:1      | Reached XP level 3. HP: 19/19 MP: 5/7
  1107 | D:1      | Learned a level 3 spell: Static Discharge
  2114 | D:3      | Reached XP level 4. HP: 24/24 MP: 8/8
  2124 | D:3      | Noticed Robin
  2149 | D:3      | Slain by Robin

Vault maps used:
D:1:      elethiomel_arrival_shortcut, patterned_corridor
D:3:      uniq_robin
D:4:      kennysheep_mini_moat, yredelemnul_altar_generic, marbit_many_paths,
          elyvilon_altar_3

Action                   |  1- 3 |  4- 6 || total
-------------------------+-------+-------++-------
Melee: Unarmed           |     5 |       ||     5
       Whip              |    34 |     2 ||    36
       Short sword       |     3 |       ||     3
       Peck              |     4 |       ||     4
       Kick              |     8 |       ||     8
 Cast: Shock             |    47 |       ||    47
       Swiftness         |       |     1 ||     1
  Use: Scroll            |     1 |     1 ||     2
 Stab: Sleeping          |     3 |       ||     3
  Eat: Bread ration      |     1 |       ||     1
Armor: Robe              |    11 |     3 ||    14
Dodge: Dodged            |    28 |     5 ||    33
Block: Buckler           |     4 |     1 ||     5
